 Dungeon Crawl Stone Soup version 0.22-a0-571-g4a923d4 (webtiles) character file.

119 inc the Skirmisher (level 5, 0/37 HPs)
             Began as an Octopode Fire Elementalist on July 1, 2018.
             Slain by a hound (5 damage)
             ... on level 4 of the Dungeon.
             The game lasted 00:03:14 (3235 turns).

inc the Skirmisher (Octopode Fire Elementalist)     Turns: 3235, Time: 00:03:14

Health: 0/37       AC:  3    Str:  7    XL:     5   Next: 3%
Magic:  5/8        EV: 13    Int: 18    God:
Gold:   141        SH:  0    Dex: 13    Spells: 7/8 levels left

rFire    . . .     SeeInvis .   c - +0 short sword
rCold    . . .     Gourm    .   (no shield)
rNeg     . . .     Faith    .   h - +2 hat
rPois    .         Spirit   .   (no amulet)
rElec    .         Reflect  .   i - ring of wizardry
rCorr    .         Harm     .   (no ring)
MR       .....                  (no ring)
Stlth    +++.......             (no ring)
HPRegen  0.12/turn              (no ring)
MPRegen  0.11/turn              (no ring)
                                (no ring)
                                (no ring)

@: no status effects
A: almost no armour, stealthy swim, amphibious, 8 rings, constrict 8, camouflage
1, gelatinous body 1
a: no special abilities


You were on level 4 of the Dungeon.
You were very hungry.

You visited 1 branch of the dungeon, and saw 4 of its levels.

You collected 141 gold pieces.

Inventory:

Hand Weapons
 a - a +0 dagger
 c - a +0 short sword (weapon)
Armour
 h - a +2 hat (worn)
Magical Staves
 l - an uncursed staff of poison
Jewellery
 i - a ring of wizardry (left tentacle)
 n - an uncursed ring of positive energy {unknown}
Scrolls
 e - a scroll of blinking {unknown}
 g - 2 scrolls of amnesia {unknown}
 m - a scroll of remove curse {unknown}
 p - a scroll of teleportation {unknown}
Potions
 d - a potion of berserk rage {unknown}
 f - 2 potions of heal wounds {unknown}
 j - a potion of ambrosia {unknown}
 k - a potion of curing {unknown}
 o - a potion of mutation {unknown}
Comestibles
 b - 2 rations


   Skills:
 + Level 3.8 Fighting
 - Level 2.0 Dodging
 - Level 2.6 Stealth
 - Level 2.0 Spellcasting
 - Level 2.3 Conjurations
 - Level 3.0 Fire Magic


You had 7 spell levels left.
You knew the following spells:

 Your Spells              Type           Power        Failure   Level  Hunger
a - Flame Tongue          Conj/Fire      ##...        2%          1    #......

Your spell library contained the following spells:

 Spells                   Type           Power        Failure   Level  Hunger
 Fireball                 Conj/Fire      ##........   52%         5    ######.
 Conjure Flame            Conj/Fire      ##......     8%          3    ###....
 Throw Flame              Conj/Fire      ##....       3%          2    ###....
 Sticky Flame             Conj/Fire      ##......     24%         4    #####..
 Inner Flame              Hex/Fire       #.......     12%         3    ###....


Dungeon Overview and Level Annotations

Branches:
Dungeon (4/15)
 Temple: D:4-7

Altars:
Elyvilon
Fedhas
Sif Muna
Vehumet
The Shining One


Innate Abilities, Weirdness & Mutations

You cannot wear most types of armour.
You are very stealthy in the water. (Stealth+)
You are amphibious.
You can wear up to eight rings at the same time.
You can use your tentacles to constrict eight enemies at once.
Your skin changes colour to match your surroundings (Stealth+).
Your rubbery body absorbs attacks. (AC +1, EV +1)


Message History

Aim: a bullfrog skeleton (severely damaged, constricted by you)
The flame tongue hits the bullfrog skeleton.
The bullfrog skeleton is almost destroyed.
You constrict the bullfrog skeleton.
You destroy the bullfrog skeleton!
You have reached level 5!
You feel agile.
You hit the hound. Your grab misses the hound.
The hound is lightly wounded.
The hound closely misses you. The hound barely misses you.
Unknown command.
Casting: Flame Tongue (safe; 2% risk of failure)
Confirm with . or Enter, or press ? or * to list all spells.
Aiming: Flame Tongue (safe; 2% risk of failure)
Press: ? - help, Shift-Dir - straight line, f - hound
Aim: a hound (lightly wounded)
The flame tongue hits the hound.
The hound is heavily wounded.
The hound bites you.
You die...

##### #...######
##########........#
..............(.#.#
##...#.##.###.#.##
##......##.# #....#
.......#.##.# #..#.#
.###....@...###..#.#
##.##h####....#..
... .S# #.#######
###+##.####....#..
#.........#.#
.########.#.# .
##....# .
####....#######
+..............


You could see a hound and an adder.

Vanquished Creatures
  A bullfrog skeleton (D:4)
  5 adders
  A worm (D:4)
  2 dart slugs
  A leopard gecko (D:1)
  An orc (D:3)
  2 giant cockroaches (D:1)
  4 hobgoblins
  5 jackals (D:1)
  2 quokkas
  4 bats
  2 frilled lizards (D:2)
  2 goblins (D:1)
  4 kobolds
  A leopard gecko skeleton (D:4)
  4 rats
41 creatures vanquished.

Notes
Turn   | Place    | Note
-------+----------+-------------------------------------------
     0 | D:1      | inc the Octopode Fire Elementalist began the quest for the Orb.
     0 | D:1      | Reached XP level 1. HP: 11/11 MP: 3/3
   379 | D:1      | Reached XP level 2. HP: 17/17 MP: 3/5
   678 | D:1      | Reached skill level 1 in Fighting
   945 | D:1      | Reached XP level 3. HP: 13/23 MP: 6/6
  1519 | D:2      | Found a blossoming altar of Fedhas.
  1963 | D:2      | Found a deep blue altar of Sif Muna.
  2097 | D:2      | Reached XP level 4. HP: 23/30 MP: 2/7
  2147 | D:2      | Found a glowing golden altar of the Shining One.
  2395 | D:3      | Found a white marble altar of Elyvilon.
  2867 | D:3      | Found a radiant altar of Vehumet.
  3233 | D:4      | Reached XP level 5. HP: 5/37 MP: 6/8
  3235 | D:4      | Slain by a hound

Vault maps used:
D:1:      saegor_arrival_simple_c
D:2:      marbit_many_paths, overflow_temple_1_default,
          lemuel_coloured_pillars_altar, first_ration
D:3:      lemuel_crystal_altar, elyvilon_altar_4
D:4:      minmay_temple_entry_nine_rooms, portal_sewer_entry_d

Skill      XL: |  1  2  3  4 |
---------------+-------------+-----
Conjurations   | 2 |  2.3
Fighting       | 1 2 3 |  3.8
Dodging        | |  2.0
Stealth        | |  2.6
Spellcasting   | |  2.0
Fire Magic     | |  3.0

Action                   |  1- 3 |  4- 6 || total
-------------------------+-------+-------++-------
Melee: Short sword       |    35 |    25 ||    60
       Constrict         |    12 |     6 ||    18
       Dagger            |     1 |       ||     1
       Unarmed           |     1 |       ||     1
       Tentacles         |     2 |     6 ||     8
 Cast: Flame Tongue      |    30 |     9 ||    39
 Stab: Sleeping          |     8 |     3 ||    11
  Eat: Chunk             |     1 |     2 ||     3
       Ration            |     1 |       ||     1
Armor: Skin              |     1 |     6 ||     7
Dodge: Dodged            |    32 |    24 ||    56

Table legend:
 A = Spawn XP
 B = Non-spawn XP
 C = Spawn XP percentage of total XP
 D = Spawn monster count
 E = Non-spawn monster count
 F = Spawn count percentage of total count
 G = Total turns spent on level
                    A         B        C        D         E        F      G
               +---------+---------+-------+---------+---------+-------+---------
         Total |       0 |     171 |   0.0 |       0 |      41 |   0.0 |  3235
               +---------+---------+-------+---------+---------+-------+---------
           D:1 |       0 |      36 |   0.0 |       0 |      20 |   0.0 |  1172
           D:2 |       0 |      50 |   0.0 |       0 |       8 |   0.0 |  1015
           D:3 |       0 |      39 |   0.0 |       0 |      10 |   0.0 |   907
           D:4 |       0 |      46 |   0.0 |       0 |       3 |   0.0 |   141
               +---------+---------+-------+---------+---------+-------+---------
